[Event "AUT-ch U16 Boys 2022"]
[Site "Sankt Veit an der Glan"]
[Date "2022.04.11"]
[Round "3"]
[White "Miazhynski, Michael"]
[Black "Kuti, Oliver"]
[Result "1/2-1/2"]
[ECO "D79"]
[WhiteElo "2047"]
[BlackElo "1970"]
[Annotator "NA RC"]
[PlyCount "61"]
[EventDate "2022.04.11"]
[EventType "swiss"]
[EventCountry "AUT"]
[SourceTitle "playchess.com"]
[Source "ChessBase"]
[SourceQuality "1"]
[TimeControl "5400+30"]

1. Nf3 Nf6 2. c4 g6 3. g3 Bg7 4. Bg2 c6 5. O-O O-O 6. Nc3 d5 7. cxd5 cxd5 8. d4 Ne4 9. Nxe4 dxe4 10. Ng5 Bxd4 11. Nxe4 Nc6 12. Nc3 Be6 13. Qa4 Rc8 14. Bh6 Bg7 15. Bxg7 Kxg7 16. Rfd1 Qb6 17. Qb5 Qxb5 18. Nxb5 a6 19. Nc3 Rfd8 20. Bxc6 Rxd1+ 21. Rxd1 Rxc6 22. f3 b5 23. a3 f5 24. Kf2 Kf6 25. Rd2 Rb6 26. Rd4 Bc4 27. b4 Rc6 28. Ke3 h5 29. h4 Rc8 30. f4 Ke6 31. Kd2 1/2-1/2

[Event "AUT-ch U16 Boys 2022"]
[Site "Sankt Veit an der Glan"]
[Date "2022.04.11"]
[Round "3"]
[White "Hengl, Philip"]
[Black "Marakovits, Nico"]
[Result "1/2-1/2"]
[ECO "B33"]
[WhiteElo "1973"]
[BlackElo "2249"]
[Annotator "RC"]
[PlyCount "61"]
[EventDate "2022.04.11"]
[EventType "swiss"]
[EventCountry "AUT"]
[SourceTitle "playchess.com"]
[Source "ChessBase"]
[SourceQuality "1"]
[TimeControl "5400+30"]

1. e4 c5 2. Nf3 Nc6 3. d4 cxd4 4. Nxd4 Nf6 5. Nc3 e5 6. Ndb5 d6 7. Nd5 Nxd5 8. exd5 Nb8 9. c4 a6 10. Qa4 Nd7 11. c5 dxc5 12. d6 axb5 13. Qxa8 Bxd6 14. Bxb5 O-O 15. O-O e4 16. Qa4 Qe7 17. Re1 f5 18. Qb3+ Kh8 19. Bxd7 Qxd7 20. Rd1 c4 21. Qc2 Qc7 22. g3 f4 23. Qxe4 fxg3 24. hxg3 Bf5 25. Qd5 Bd3 26. Rxd3 cxd3 27. Qxd3 Qb6 28. Be3 Qxb2 29. Bd4 Qa3 30. Qxa3 Bxa3 31. Rb1 1/2-1/2

[Event "AUT-ch U16 Boys 2022"]
[Site "Sankt Veit an der Glan"]
[Date "2022.04.11"]
[Round "3"]
[White "Zaytsev, Alexander"]
[Black "Stadlinger, Lukas"]
[Result "1-0"]
[ECO "C54"]
[WhiteElo "1837"]
[BlackElo "1718"]
[Annotator "NA RC"]
[PlyCount "63"]
[EventDate "2022.04.11"]
[EventType "swiss"]
[EventCountry "AUT"]
[SourceTitle "playchess.com"]
[Source "ChessBase"]
[SourceQuality "1"]
[TimeControl "5400+30"]

1. e4 e5 2. Nf3 Nc6 3. Bc4 Bc5 4. O-O d6 5. c3 Bg4 6. d3 Nf6 7. h3 Bh5 8. Nbd2 Qd7 9. Nb3 Bb6 10. Be3 O-O 11. Re1 Rfe8 12. a4 d5 13. exd5 Nxd5 14. Nc5 Bxc5 15. Bxc5 Nf4 16. Kh2 Na5 17. Re3 Nxc4 18. dxc4 Qxd1 19. Rxd1 e4 20. g4 Nd3 21. Rexd3 b6 22. gxh5 bxc5 23. Rd7 exf3 24. Rxc7 Re2 25. Kg3 Rxb2 26. Rdd7 Rf8 27. Rxc5 Rc2 28. Kxf3 Rxc3+ 29. Kg2 Ra8 30. Rxa7 Rd8 31. Rcc7 Rf8 32. a5 1-0

[Event "AUT-ch U16 Boys 2022"]
[Site "Sankt Veit an der Glan"]
[Date "2022.04.11"]
[Round "3"]
[White "Hersel, Richard"]
[Black "Weixler, Moritz"]
[Result "1-0"]
[ECO "A88"]
[WhiteElo "1832"]
[BlackElo "1190"]
[Annotator "NA RC"]
[PlyCount "42"]
[EventDate "2022.04.11"]
[EventType "swiss"]
[EventCountry "AUT"]
[SourceTitle "playchess.com"]
[Source "ChessBase"]
[SourceQuality "1"]
[TimeControl "5400+30"]

1. d4 f5 2. g3 Nf6 3. Bg2 g6 4. c4 Bg7 5. Nc3 O-O 6. Nf3 d6 7. O-O Qe8 8. Re1 c6 9. d5 Na6 10. e4 Nxe4 11. Nxe4 fxe4 12. Nd2 cxd5 13. cxd5 b6 14. Nxe4 Qf7 15. Qe2 h6 16. Bd2 Bb7 17. Nc3 Rfe8 18. Bh3 Kf8 19. Be6 Qf6 20. Ne4 Qe5 21. Qf3+ Bf6 1-0

[Event "AUT-ch U16 Boys 2022"]
[Site "Sankt Veit an der Glan"]
[Date "2022.04.11"]
[Round "3"]
[White "Giselbrecht, Jerrik"]
[Black "Gschiel, Alexander"]
[Result "0-1"]
[ECO "A46"]
[WhiteElo "1707"]
[BlackElo "2109"]
[Annotator "NA RC"]
[PlyCount "70"]
[EventDate "2022.04.11"]
[EventType "swiss"]
[EventCountry "AUT"]
[SourceTitle "playchess.com"]
[Source "ChessBase"]
[SourceQuality "1"]
[TimeControl "5400+30"]

1. d4 d5 2. Nf3 Nf6 3. g3 e6 4. Bg2 b5 5. O-O c5 6. a4 b4 7. c4 bxc3 8. Nxc3 Nc6 9. Bf4 Be7 10. Nb5 O-O 11. Nc7 Rb8 12. Nb5 Rb7 13. b3 Ne4 14. Rc1 a6 15. Nc3 Nxc3 16. Rxc3 Nxd4 17. Nxd4 cxd4 18. Qxd4 g5 19. Bd2 Bf6 20. Qd3 Bxc3 21. Qxc3 f6 22. Rc1 Qb6 23. b4 Bd7 24. e4 d4 25. Qb3 Rc7 26. Rd1 h6 27. a5 Qb5 28. Bh3 Qe5 29. b5 axb5 30. Bf5 Rc4 31. f4 Qc5 32. Bh3 Kg7 33. Bf1 d3+ 34. Kh1 Rxe4 35. Bg2 Bc6 0-1

[Event "AUT-ch U16 Boys 2022"]
[Site "Sankt Veit an der Glan"]
[Date "2022.04.11"]
[Round "3"]
[White "Elsaesser, Daniel"]
[Black "Leitner, Thomas"]
[Result "0-1"]
[ECO "B45"]
[WhiteElo "1571"]
[BlackElo "1734"]
[Annotator "NA RC"]
[PlyCount "128"]
[EventDate "2022.04.11"]
[EventType "swiss"]
[EventCountry "AUT"]
[SourceTitle "playchess.com"]
[Source "ChessBase"]
[SourceQuality "1"]
[TimeControl "5400+30"]

1. e4 c5 2. Nf3 e6 3. d4 cxd4 4. Nxd4 Nf6 5. Nc3 Nc6 6. Ndb5 Bc5 7. Bf4 O-O 8. Bc7 Qe7 9. Bd6 Bxd6 10. Qxd6 Qd8 11. O-O-O a6 12. Nd4 Ne7 13. f3 Ne8 14. Qg3 b5 15. e5 Bb7 16. Bd3 f5 17. Rhe1 Nd5 18. Nce2 Rc8 19. Nf4 Nxf4 20. Qxf4 Nc7 21. g4 Nd5 22. Qd2 f4 23. Be4 Rc7 24. Qd3 Qh4 25. Nf5 Qd8 26. Nd6 Nb4 27. Bxh7+ Kh8 28. Qb3 Bd5 29. Rxd5 Nxd5 30. Bg6 Qh4 31. Re2 Ne3 32. Qa3 Qh3 33. Rf2 Qh4 34. Re2 Qd8 35. Nf7+ Rxf7 36. Bxf7 Qc8 37. Qd3 Qd8 38. Qe4 Rc4 39. Qg6 Qh4 40. Qh5+ Qxh5 41. Bxh5 Rd4 42. b3 Rd1+ 43. Kb2 Rd5 44. Bg6 Rxe5 45. Rd2 Rd5 46. Rxd5 Nxd5 47. Be4 Nc7 48. c4 b4 49. c5 g5 50. a3 a5 51. axb4 axb4 52. Kc2 Na6 53. c6 dxc6 54. Bxc6 Nc5 55. Bb5 Kg7 56. Bd3 Kf6 57. Kd2 Nxb3+ 58. Kd1 Nd4 59. Be4 Nb3 60. Kc2 Nc5 61. Bc6 Ke5 62. Kd2 Kd4 63. Kc2 e5 64. Kd2 e4 0-1

[Event "AUT-ch U16 Boys 2022"]
[Site "Sankt Veit an der Glan"]
[Date "2022.04.12"]
[Round "4.1"]
[White "Marakovits, Nico"]
[Black "Lerch, Johannes"]
[Result "1/2-1/2"]
[ECO "E10"]
[WhiteElo "2249"]
[BlackElo "2229"]
[Annotator "RC"]
[PlyCount "92"]
[EventDate "2022.04.11"]
[EventType "swiss"]
[EventCountry "AUT"]
[SourceTitle "playchess.com"]
[Source "ChessBase"]
[SourceQuality "1"]
[TimeControl "5400+30"]

1. d4 Nf6 2. c4 e6 3. Nf3 a6 4. Nc3 d5 5. cxd5 exd5 6. Bg5 Be6 7. e3 Nbd7 8. Be2 Bd6 9. Qc2 c6 10. O-O Qc7 11. Bh4 O-O 12. Bg3 Bxg3 13. hxg3 g6 14. Bd3 Qd6 15. Rab1 Bg4 16. Rfc1 Kg7 17. b4 h5 18. Nh4 Rfe8 19. Be2 Bxe2 20. Nxe2 Ng8 21. Nf4 Ne7 22. Nf3 b5 23. Nd3 Nb6 24. Nc5 Nc4 25. Qc3 Nc8 26. a4 N8b6 27. Ra1 Reb8 28. Ne5 Rh8 29. a5 Nc8 30. e4 Qf6 31. Ncd7 Qd6 32. exd5 cxd5 33. Qf3 f6 34. Nxc4 bxc4 35. Nc5 Na7 36. Re1 Rhe8 37. Qf4 Qxf4 38. gxf4 Rxe1+ 39. Rxe1 Nc6 40. Ne6+ Kf7 41. Nc7 Ra7 42. Nxd5 Rd7 43. Nb6 Rxd4 44. g3 Nxb4 45. Rc1 Nc6 46. Nxc4 Ke7 1/2-1/2

[Event "AUT-ch U16 Boys 2022"]
[Site "Sankt Veit an der Glan"]
[Date "2022.04.12"]
[Round "4.2"]
[White "Hofstadler, Mario"]
[Black "Hengl, Philip"]
[Result "1-0"]
[ECO "D02"]
[WhiteElo "2090"]
[BlackElo "1973"]
[Annotator "NA RC"]
[PlyCount "139"]
[EventDate "2022.04.11"]
[EventType "swiss"]
[EventCountry "AUT"]
[SourceTitle "playchess.com"]
[Source "ChessBase"]
[SourceQuality "1"]
[TimeControl "5400+30"]

1. d4 d5 2. Nf3 Nf6 3. g3 Bf5 4. Bg2 c6 5. O-O h6 6. c3 Nbd7 7. Nbd2 Ne4 8. Nxe4 Bxe4 9. Nd2 Bxg2 10. Kxg2 e6 11. Re1 Be7 12. e4 dxe4 13. Nxe4 Nf6 14. f3 O-O 15. Qe2 Qd7 16. Bf4 Nd5 17. Bd2 Rad8 18. Rad1 Rfe8 19. a3 Qc8 20. c4 Nc7 21. Be3 b6 22. Qc2 Rd7 23. Rd2 Red8 24. Red1 Qb7 25. Qb3 Kh8 26. h4 f5 27. Nc5 Bxc5 28. dxc5 Rxd2+ 29. Rxd2 Rxd2+ 30. Bxd2 b5 31. Bf4 Na6 32. Bd6 Qd7 33. cxb5 cxb5 34. Qe3 b4 35. Qc1 bxa3 36. bxa3 Qc6 37. Qc4 e5 38. Kf2 Nc7 39. Qf7 Nd5 40. Qf8+ Kh7 41. Qxf5+ Kh8 42. Qf8+ Kh7 43. Qf5+ Kh8 44. Qxe5 Nf6 45. g4 Qa4 46. g5 Qxh4+ 47. Kg2 Qxg5+ 48. Qxg5 hxg5 49. c6 Nd5 50. Bc5 a6 51. Bd6 Kg8 52. c7 Nb6 53. Bc5 Nc8 54. Kg3 Kf7 55. Kg4 Kf6 56. Bd4+ Kg6 57. Be3 Kf6 58. Bxg5+ Ke6 59. Bf4 g6 60. Kg5 Kf7 61. Be5 Ne7 62. Bd6 Nc8 63. Bc5 Kg7 64. a4 Kf7 65. f4 Kg7 66. a5 Kf7 67. f5 gxf5 68. Kxf5 Ke8 69. Ke6 Ne7 70. Kd6 1-0

[Event "AUT-ch U16 Boys 2022"]
[Site "Sankt Veit an der Glan"]
[Date "2022.04.12"]
[Round "4.3"]
[White "Kuti, Oliver"]
[Black "Borrmann, Laurenz"]
[Result "0-1"]
[ECO "C95"]
[WhiteElo "1970"]
[BlackElo "2232"]
[Annotator "RC"]
[PlyCount "94"]
[EventDate "2022.04.11"]
[EventType "swiss"]
[EventCountry "AUT"]
[SourceTitle "playchess.com"]
[Source "ChessBase"]
[SourceQuality "1"]
[TimeControl "5400+30"]

1. e4 e5 2. Nf3 Nc6 3. Bb5 a6 4. Ba4 Nf6 5. O-O Be7 6. Re1 b5 7. Bb3 d6 8. c3 O-O 9. h3 Nb8 10. d4 Nbd7 11. c4 Bb7 12. Nc3 c6 13. a3 Re8 14. Bg5 Qb8 15. Ba2 Nb6 16. dxe5 dxe5 17. Bxf6 Bxf6 18. c5 Rd8 19. Qb3 Nc4 20. Qc2 Bc8 21. Bxc4 bxc4 22. Na4 Qb5 23. Rac1 Be6 24. Nb6 Rab8 25. Nxc4 Bxc4 26. Qxc4 Qxc4 27. Rxc4 Rxb2 28. Rc3 Kf8 29. Kf1 Ke7 30. Rec1 Ke6 31. Ke1 Be7 32. Kf1 f6 33. Ke1 g6 34. Kf1 Rd7 35. Ke1 f5 36. Rc4 Bd8 37. Ra4 a5 38. Rac4 Rd3 39. a4 Be7 40. Kf1 Ra3 41. exf5+ gxf5 42. Re1 e4 43. Nd4+ Kd5 44. Rec1 Raa2 45. f4 Rf2+ 46. Ke1 Rxg2 47. Nxf5 Rg1# 0-1

[Event "AUT-ch U16 Boys 2022"]
[Site "Sankt Veit an der Glan"]
[Date "2022.04.12"]
[Round "4.4"]
[White "Gschiel, Alexander"]
[Black "Wagner, Leopold Franziskus"]
[Result "1-0"]
[ECO "A35"]
[WhiteElo "2109"]
[BlackElo "2061"]
[Annotator "TA"]
[PlyCount "133"]
[EventDate "2022.04.11"]
[EventType "swiss"]
[EventCountry "AUT"]
[SourceTitle "playchess.com"]
[Source "ChessBase"]
[SourceQuality "1"]
[TimeControl "5400+30"]

1. c4 Nf6 2. Nc3 c5 3. Nf3 Nc6 4. d4 cxd4 5. Nxd4 g6 6. e4 d6 7. Be2 Bg7 8. Be3 O-O 9. O-O Bd7 10. Nc2 Rc8 {[%emt 0:03:06] 10...Qa5 deserves study.} 11. h3 {[%emt 0:01:45] B38: Sicilian: Maroczy Bind with 5...Bg7 and 7...0-0.} Ne5 12. b3 Bc6 13. f3 {[%emt 0:09:43] White is slightly better.} Ned7 14. Qd2 (14. Bxa7 b6 15. Nb4 Qc7 16. Nxc6 Qxc6 $17) 14... b6 15. Rac1 {[%emt 0:03:43] [#]} Nh5 $146 ({Predecessor:} 15... Nc5 16. Rfd1 a5 17. Nd4 Bb7 18. Ndb5 Nfd7 19. Bg5 Bf6 20. Bxf6 Nxf6 21. Qg5 Ne6 {0-1 (45) Plaskett,H (2410)-Petursson,M (2420) London 1979}) 16. Nd4 Bb7 17. Nd5 Nc5 18. b4 Nd7 19. Rfd1 Ng3 20. Bd3 (20. Bf2 $5 Nxe2+ 21. Qxe2 $11) 20... Nh5 (20... e6 $11 {keeps the balance.}) 21. Kh2 $2 {[%emt 0:04:28] &Bianco is much more active.} (21. g4 $16) 21... e6 $15 22. Bg5 Be5+ 23. g3 $1 Ndf6 ({Don't play} 23... Bxg3+ 24. Kg2 Bf4 25. Bxf4 $14 (25. Bxd8 Bxd2 26. Ne7+ Kg7 $15)) 24. Nxf6+ Bxf6 25. h4 Bxg5 26. Qxg5 a6 27. Be2 Kg7 (27... Qc7 $11) 28. Nb3 Qxg5 (28... Qc7 $14) 29. hxg5 $16 Rfd8 30. Rd4 {[%emt 0:01:27] Black must now prevent Rcd1.} Kf8 31. a4 Ke7 32. a5 bxa5 33. Nxa5 Rc7 (33... Ba8 $16) 34. Rcd1 $18 {[%emt 0:02:04][%cal Oc4c5] Strongly threatening c5!} e5 35. R4d2 Ng7 $2 (35... Rcd7 36. b5 Ba8) 36. c5 $1 Ne8 37. Bf1 Ke6 38. Bh3+ Ke7 39. Nc4 Rc6 {[%emt 0:00:40] [#]} 40. Nxe5 $1 Rc7 41. Nc4 Rc6 42. e5 d5 43. Rxd5 Rxd5 44. Rxd5 {And now Rd7+ would win.} Rc7 {Against Rd7+} 45. Rd3 Bc6 46. Nd6 Ng7 47. Ra3 Ne6 48. f4 Bb5 49. Bxe6 Kxe6 50. Nxb5 axb5 {[%emt 0:00:01][%mdl 4096] Endgame KR-KR} 51. Rd3 Kf5 52. Kg2 Ke4 53. Rd6 Ra7 54. Rb6 Ra2+ 55. Kf1 Ke3 56. Rd6 Ra1+ (56... Rf2+ $142 57. Ke1 Rb2) 57. Kg2 Rb1 58. c6 {[%emt 0:01:10] Rd5 is the strong threat.} Rxb4 59. c7 $2 (59. f5 $18 {and the rest is easy.} gxf5 60. c7) 59... Rc4 $16 60. Rd7 (60. Rb6 $16) 60... b4 $14 {[%emt 0:04:19] Threatens to win with ...b3.} 61. Rxf7 {[%emt 0:00:28] aiming for e6.} Kd3 $2 {[%emt 0:01:25][%mdl 8192] Black cannot hold the game after this.} (61... b3 $14 62. Rf8 (62. Rxh7 Rc2+ 63. Kh3 b2 $11) 62... Rc2+ 63. Kh3 Rxc7) 62. e6 {[%emt 0:00:54] White mates.} b3 63. e7 b2 64. e8=Q b1=Q 65. c8=Q Qc2+ 66. Kh3 Rxc8 67. Rd7+ {[%emt 0:00:04] Weighted Error Value: White=0.22 (precise) /Black=0.34} 1-0

[Event "AUT-ch U16 Boys 2022"]
[Site "Sankt Veit an der Glan"]
[Date "2022.04.12"]
[Round "4.5"]
[White "Wendl, Philipp"]
[Black "Zaytsev, Alexander"]
[Result "1/2-1/2"]
[ECO "B49"]
[WhiteElo "2000"]
[BlackElo "1837"]
[Annotator "RC"]
[PlyCount "61"]
[EventDate "2022.04.11"]
[EventType "swiss"]
[EventCountry "AUT"]
[SourceTitle "playchess.com"]
[Source "ChessBase"]
[SourceQuality "1"]
[TimeControl "5400+30"]

1. e4 c5 2. Nf3 e6 3. d4 cxd4 4. Nxd4 Nc6 5. Nc3 a6 6. Be3 Qc7 7. Be2 Nf6 8. O-O Bb4 9. Na4 O-O 10. Nxc6 bxc6 11. Nb6 Rb8 12. Nxc8 Rfxc8 13. Bxa6 Rf8 14. Bd3 Bd6 15. g3 Rxb2 16. Bd4 Rb4 17. Bxf6 gxf6 18. Qg4+ Kh8 19. Qh4 Be7 20. a4 Qa5 21. Kg2 Rxa4 22. c4 Rxa1 23. e5 f5 24. Qxe7 Rg8 25. Qf6+ Rg7 26. Rxa1 Qxa1 27. Qd8+ Rg8 28. Qf6+ Rg7 29. Qd8+ Rg8 30. Qf6+ Rg7 31. Qd8+ 1/2-1/2

[Event "AUT-ch U16 Boys 2022"]
[Site "Sankt Veit an der Glan"]
[Date "2022.04.12"]
[Round "4.6"]
[White "Kienboeck, Benjamin"]
[Black "Hersel, Richard"]
[Result "1-0"]
[ECO "C42"]
[WhiteElo "1900"]
[BlackElo "1832"]
[Annotator "RC"]
[PlyCount "55"]
[EventDate "2022.04.11"]
[EventType "swiss"]
[EventCountry "AUT"]
[SourceTitle "playchess.com"]
[Source "ChessBase"]
[SourceQuality "1"]
[TimeControl "5400+30"]

1. e4 e5 2. Nf3 Nf6 3. Nxe5 d6 4. Nf3 Nxe4 5. Nc3 Nxc3 6. dxc3 Be7 7. Be3 Nc6 8. Qd2 Be6 9. Ng5 Bf5 10. O-O-O O-O 11. f4 Bxg5 12. fxg5 Ne5 13. h3 Be4 14. Bd3 Nxd3+ 15. cxd3 Bd5 16. Kb1 c5 17. c4 Be6 18. h4 Bg4 19. Rdf1 f6 20. h5 fxg5 21. Bxg5 Rxf1+ 22. Rxf1 Qd7 23. h6 Rf8 24. Rxf8+ Kxf8 25. Qf4+ Kg8 26. hxg7 Kxg7 27. Qf6+ Kg8 28. Bh6 1-0

[Event "AUT-ch U16 Boys 2022"]
[Site "Sankt Veit an der Glan"]
[Date "2022.04.12"]
[Round "4.7"]
[White "Gloessl, Sota Alexander"]
[Black "Miazhynski, Michael"]
[Result "1-0"]
[ECO "A43"]
[WhiteElo "1887"]
[BlackElo "2047"]
[Annotator "RC"]
[PlyCount "59"]
[EventDate "2022.04.11"]
[EventType "swiss"]
[EventCountry "AUT"]
[SourceTitle "playchess.com"]
[Source "ChessBase"]
[SourceQuality "1"]
[TimeControl "5400+30"]

1. d4 c5 2. d5 Nf6 3. c4 g6 4. Nc3 Bg7 5. g3 O-O 6. Bg2 d6 7. e4 e6 8. Nge2 Re8 9. h3 exd5 10. cxd5 b5 11. Nxb5 Nxe4 12. O-O Qb6 13. Nbc3 Nxc3 14. Nxc3 Ba6 15. Re1 Nd7 16. Bd2 Ne5 17. Qa4 Kf8 18. b3 Nd3 19. Rxe8+ Rxe8 20. Qh4 c4 21. Rf1 cxb3 22. Qxh7 bxa2 23. Bh6 Qxf2+ 24. Kh2 Qxf1 25. Qxg7+ Ke7 26. Bxf1 a1=Q 27. Bg5+ Kd7 28. Qxf7+ Kc8 29. Qxe8+ Kb7 30. Qc6+ 1-0

[Event "AUT-ch U16 Boys 2022"]
[Site "Sankt Veit an der Glan"]
[Date "2022.04.12"]
[Round "4.10"]
[White "Weixler, Moritz"]
[Black "Giselbrecht, Jerrik"]
[Result "1/2-1/2"]
[ECO "B22"]
[WhiteElo "1190"]
[BlackElo "1707"]
[Annotator "NA RC"]
[PlyCount "66"]
[EventDate "2022.04.11"]
[EventType "swiss"]
[EventCountry "AUT"]
[SourceTitle "playchess.com"]
[Source "ChessBase"]
[SourceQuality "1"]
[TimeControl "5400+30"]

1. e4 c5 2. c3 Nc6 3. d4 cxd4 4. cxd4 d6 5. Nf3 e6 6. a3 a6 7. Bd3 g6 8. e5 dxe5 9. dxe5 Nxe5 10. Nxe5 Qa5+ 11. Bd2 Qxe5+ 12. Be2 Qc7 13. Bc3 f6 14. Qd2 Bh6 15. Qc2 e5 16. Nd2 Ne7 17. Qb3 Kf8 18. Rc1 Kg7 19. O-O Nc6 20. Bb4 Qd7 21. Rcd1 Nd4 22. Qd3 Qf5 23. Ne4 Qf4 24. Bd2 Qf5 25. Bb4 Bd7 26. Nd6 Qg5 27. Bd2 Qh4 28. Bxh6+ Qxh6 29. Bf3 Nxf3+ 30. Qxf3 Bc6 31. Qc3 Qg5 32. f3 Rad8 33. Nxb7 Rxd1 1/2-1/2

[Event "AUT-ch U16 Boys 2022"]
[Site "Sankt Veit an der Glan"]
[Date "2022.04.12"]
[Round "4.12"]
[White "Soldo, Dario"]
[Black "Schilcher, Elias"]
[Result "1-0"]
[ECO "A35"]
[WhiteElo "1547"]
[BlackElo "1445"]
[Annotator "NA RC"]
[PlyCount "97"]
[EventDate "2022.04.11"]
[EventType "swiss"]
[EventCountry "AUT"]
[SourceTitle "playchess.com"]
[Source "ChessBase"]
[SourceQuality "1"]
[TimeControl "5400+30"]

1. c4 c5 2. Nc3 Nc6 3. e3 Nf6 4. d4 cxd4 5. exd4 d5 6. Nf3 Bf5 7. cxd5 Nxd5 8. Qb3 Nxc3 9. bxc3 Qd7 10. Bb5 Qe6+ 11. Qxe6 Bxe6 12. O-O a6 13. Ba4 b5 14. Bb3 Bf5 15. Ba3 e6 16. Bxf8 Kxf8 17. Rac1 Na5 18. Bc2 Bxc2 19. Rxc2 f6 20. Re1 Kf7 21. Nd2 Rac8 22. Nb3 Nc4 23. Nc5 Rc6 24. f4 Rd8 25. Rce2 Rdd6 26. a4 bxa4 27. Nxa4 Nb6 28. Nxb6 Rxb6 29. Ra2 Rbc6 30. Ra3 Rc4 31. Kf2 Rdc6 32. Re3 f5 33. Ke2 Kf6 34. Kd3 h6 35. Re5 g5 36. g3 gxf4 37. gxf4 Kf7 38. Rea5 Kf6 39. Rxa6 Rxa6 40. Rxa6 Rc8 41. d5 Re8 42. Rxe6+ Rxe6 43. dxe6 Kxe6 44. Kd4 Kd6 45. c4 h5 46. h4 Ke6 47. Kc5 Ke7 48. Kd5 Kd7 49. Ke5 1-0

[Event "AUT-ch U16 Boys 2022"]
[Site "Sankt Veit an der Glan"]
[Date "2022.04.12"]
[Round "5.1"]
[White "Lerch, Johannes"]
[Black "Hofstadler, Mario"]
[Result "1/2-1/2"]
[ECO "B13"]
[WhiteElo "2229"]
[BlackElo "2090"]
[Annotator "TA"]
[PlyCount "56"]
[EventDate "2022.04.11"]
[EventType "swiss"]
[EventCountry "AUT"]
[SourceTitle "playchess.com"]
[Source "ChessBase"]
[SourceQuality "1"]
[TimeControl "5400+30"]

1. e4 c6 2. d4 d5 3. exd5 cxd5 4. Bd3 Nc6 5. c3 Nf6 6. Bf4 Bg4 7. Qb3 e5 {[%emt 0:04:35][%cal Be7e5,Be5f4][%mdl 32] [#] ...Na5 is the strong threat. B13: Caro-Kann: Exchange Variation and Panov-Botvinnik Attack.} 8. f3 $146 {[%emt 0:11:53] [#]} ({Predecessor:} 8. dxe5 Nh5 9. Be3 Nxe5 10. Bb5+ Nc6 11. h3 Be6 12. Qd1 Nf6 13. Nf3 Bd6 14. O-O O-O 15. Nbd2 {0-1 (61) Wei,Y (2743)-Navara,D (2740) Yancheng 2018}) 8... Na5 $1 9. Qd1 exf4 {[%emt 0:02:13] Black is better.} 10. fxg4 {[%emt 0:00:16] [#]} Qe7+ 11. Ne2 (11. Kf1 $17) 11... Nxg4 $19 {[%emt 0:07:00] Threatens to win with ...Qh4+.} 12. O-O Qe3+ 13. Kh1 Nf2+ 14. Rxf2 Qxf2 15. Nd2 Bd6 16. Qa4+ Nc6 17. Nf3 O-O (17... O-O-O $19 {And now ...Rhe8 would win.} 18. Rb1 Rhe8) 18. Qb5 Ne7 19. Qxb7 (19. Neg1 $17 {might work better.} a6 20. Qb6) 19... Rab8 20. Qd7 Rfd8 ({Less strong is} 20... Rxb2 21. Qxd6 Ng6 22. Qxd5 $14) 21. Qh3 h6 ({Worse is} 21... Rxb2 22. Qxh7+ Kf8 23. Qh8+ Ng8 24. Bh7 $17) 22. b3 Qe3 {[%emt 0:01:44] Inhibits Nd2.} 23. Rd1 a5 24. Nc1 Qe6 25. Qh5 Qf6 26. Qh3 Qe6 27. Qh5 $1 Qf6 28. Qh3 $1 Qe6 $2 {[%emt 0:00:04] Weighted Error Value: White=0.21 (precise) /Black=0.33} ({Black should play} 28... a4 $19 29. b4 Rb6) 1/2-1/2

[Event "AUT-ch U16 Boys 2022"]
[Site "Sankt Veit an der Glan"]
[Date "2022.04.12"]
[Round "5.2"]
[White "Borrmann, Laurenz"]
[Black "Marakovits, Nico"]
[Result "1/2-1/2"]
[ECO "B31"]
[WhiteElo "2232"]
[BlackElo "2249"]
[Annotator "TA"]
[PlyCount "167"]
[EventDate "2022.04.11"]
[EventType "swiss"]
[EventCountry "AUT"]
[SourceTitle "playchess.com"]
[Source "ChessBase"]
[SourceQuality "1"]
[TimeControl "5400+30"]

1. e4 c5 2. Nf3 Nc6 3. Bb5 g6 4. O-O Bg7 5. c3 Nf6 6. Re1 O-O 7. d4 cxd4 8. cxd4 a6 9. Bd3 {[%emt 0:09:36] B31: Sicilian: 2...Nc6 3 Bb5 g6.} d5 10. e5 Ne4 {[%emt 0:01:51] [#]} 11. Bxe4 $146 (11. h3 $14) ({Predecessor:} 11. h3 Nb4 12. Bf1 Qc7 13. Na3 Bd7 14. Bd2 Nxd2 15. Qxd2 Qb6 16. Nb1 Bf5 17. Rc1 {0-1 (38) Bivol,A (2370)-Khanin,S (2506) Cheliabinsk 2021}) 11... dxe4 $11 12. Rxe4 Bf5 13. Re1 Nb4 {[%emt 0:02:39] Strongly threatening ...Nc2.} 14. Nh4 Bc2 15. Qd2 Nd3 16. Re4 Nb4 17. Re1 Nd3 18. Re4 Nb4 19. Re3 Bxb1 20. Qxb4 Bc2 21. Bd2 a5 22. Qxb7 Qxd4 23. Nf3 Qd8 24. Rc3 {[%emt 0:02:04] 0x0.00018dd7ffe2dp-1022s more active pieces.} (24. Bc3 $16) 24... Bf5 25. Bg5 Re8 26. b3 h6 27. Be3 a4 28. Rac1 axb3 29. axb3 Rb8 30. Qa6 Qd5 31. Qa3 Be6 (31... Be4 $11) 32. Rb1 g5 33. Qc5 Qe4 34. Re1 Rec8 (34... Rxb3 35. Rxb3 Bxb3 36. Bxg5 $1 $16) 35. Qd4 Qb7 36. Rxc8+ Rxc8 37. h4 g4 38. Nd2 Qb5 39. Bf4 Rb8 40. Qe3 Kh7 41. Qg3 Qa5 42. Qd3+ Kg8 43. Kh2 Rd8 44. Qe3 Kh7 45. Qe4+ Kg8 46. Re2 Qb5 47. f3 {[%emt 0:00:39] [#]} Bf5 $1 {[%emt 0:01:31][%mdl 1024] Black has compensation.} 48. Qe3 (48. Qc4 Qb6) 48... Rd3 49. Qf2 Rd5 50. Nc4 Bd3 ({But not} 50... Qxb3 51. Ne3 Rd4 52. Nxf5 $16) 51. Rd2 Qxb3 52. Ne3 Rd4 53. fxg4 ({White should play} 53. Bg3 $1 $14) 53... Qa4 (53... Qe6 $11 54. g3 (54. Nf5 $2 Rxf4 55. Nxg7 Rxf2 $19) 54... Rd7) 54. g3 (54. Bg3 $14 Rd7 55. Nf5 Qxg4 {[#]} 56. Nxe7+ $1 Kh7 57. Nc8 (57. Qxf7 Bc4 $11)) 54... Be4 55. Ng2 Rxd2 56. Qxd2 Kh7 57. Qe2 e6 58. Ne1 Bd5 {[%emt 0:00:40] A strong pair of Bishops.} 59. Qc2+ Qxc2+ 60. Nxc2 {[%emt 0:00:01][%mdl 4096] Endgame KBB-KBN} f6 61. exf6 Bxf6 62. Ne3 Be4 63. Nc4 Bd5 (63... Bd3 $5 64. Nd6 Be2 $11) 64. Ne5 Bxe5 65. Bxe5 $14 {[%emt 0:00:05] KB-KB} Bf3 (65... Bc4 $1 $14) 66. Kh3 $16 Bd1 67. h5 Be2 68. Kh4 Bd1 69. g5 hxg5+ 70. Kxg5 Be2 71. g4 Bd1 72. Kh4 Be2 73. g5 {[%emt 0:00:46] g6+ would kill now.} Bd3 74. Bd6 Kg7 75. Be7 Kf7 76. Bf6 (76. Bd8 $14) 76... Bb1 77. Be5 Bc2 78. Kg3 Bb1 79. Kf4 Bc2 80. Bf6 (80. Bd6 $16) 80... Bb1 (80... Bd1 $11 {remains equal.}) 81. Ke5 (81. Bb2 $16) 81... Bc2 $14 82. g6+ Bxg6 $1 83. hxg6+ Kxg6 84. Kxe6 {Weighted Error Value: White=0.12 (very precise) /Black=0.08 (flawless)} 1/2-1/2